[Event "Early-Titled-Tuesday-Blitz-November-28-2023"]
[Site "Chess.com"]
[Date "2023.11.28"]
[Round "11"]
[White "vishwa_vijeta"]
[Black "lefonghua"]
[Result "1/2-1/2"]
[WhiteElo "2576"]
[BlackElo "2707"]
[TimeControl "180+1"]
[EndTime "10:12:45 PST"]
[Termination "Game drawn by repetition"]

1. e4 c5 2. Nf3 g6 3. d4 cxd4 4. Nxd4 Bg7 5. c4 Nc6 6. Be3 Nf6 7. Nc3 O-O 8. Be2 d6 9. O-O Bd7 10. Qd2 Nxd4 11. Bxd4 Bc6 12. f3 a5 13. b3 Nd7 14.
Be3 Nc5 15. Rab1 Qb6 16. Rfc1 Rfc8 17. Bd1 Qd8 18. a3 h5 19. b4 axb4 20. axb4 Ne6 21. b5 Bd7 22. Nd5 Nc5 23. Bd4 Bxd4+ 24. Qxd4 e5 25. Qd2 Be6 26. Nb4 Qb6 27. Qf2 Na4 28. Bxa4 Qxf2+ 29. Kxf2 Rxa4 30. Nd5 Rcxc4 31. Nc7 Rxc1 32.
Rxc1 Rc4 33. Rxc4 Bxc4 34. b6 Kf8 35. Ke3 Ke7 36. g3 Kd7 37. h4 Kc6 38. Na8 f6 39. g4 hxg4 40. fxg4 Bf7 41. Nc7 Kxb6 42. Nd5+ Kc5 43. Nxf6 b5 44. h5 gxh5 45. gxh5 b4 46. h6 Bg6 47. Nd7+ Kc4 48. Nf8 b3 49. Nxg6 b2 50.
h7 b1=Q 51. h8=Q Qg1+ 52. Kf3 Qxg6 53. Qc8+ Kd4 54. Qb7 Qf6+ 55. Ke2 Kc5 56. Qc7+ Kb5 57. Qb7+ Ka5 58. Qa7+ Kb4 59. Qb7+ Kc3 60. Qc6+ Kb4 61. Qb7+ Kc5 62. Qc7+ Kb4 63. Qb6+ Ka3 64. Qa5+ Kb3 65. Qb5+ Kc3 66. Qc6+ Kb4 67. Qb6+ Kc4 68. Qc6+ Kb4 1/2-1/2

[Event "Early-Titled-Tuesday-Blitz-November-28-2023"]
[Site "Chess.com"]
[Date "2023.11.28"]
[Round "11"]
[White "Fonsofan"]
[Black "FairChess_on_YouTube"]
[Result "0-1"]
[WhiteElo "2790"]
[BlackElo "3086"]
[TimeControl "180+1"]
[EndTime "10:12:46 PST"]
[Termination "FairChess_on_YouTube won by checkmate"]

1. e4 c5 2. Nf3 e6 3. d3 Nc6 4. g3 g6 5. Bg5 Qb6 6. Nbd2 Bg7 7. Nc4 Qc7 8. a4 h6 9. Bd2 Nge7 10.
Bg2 d5 11. exd5 Nxd5 12. O-O b6 13. Re1 O-O 14. Qc1 Kh7 15. Ne3 Nxe3 16. fxe3 Bb7 17. Bc3 e5 18. Rf1 Rad8 19. Qe1 Nb4 20. Qe2 e4 21. dxe4 Ba6 22. Qf2 Bxf1 23. Rxf1 Bxc3 24.
bxc3 Nc6 25. Nh4 Ne5 26. Bh3 Qe7 27. Ng2 g5 28. Ne1 Rd1 29. Nd3 Rxf1+ 30. Kxf1 Kg7 31. Qf5 Re8 32. Ke2 Nxd3 33. cxd3 c4 34. dxc4 Qxe4 35.
Qxe4 Rxe4 36. Kd3 Re5 37. Bg2 Kf6 38. Kd4 Rf5 39. Bd5 Rf2 40. h4 gxh4 41. gxh4 Rd2+ 42. Ke4 Rh2 43. Kd4 Rxh4+ 44. e4 Rf4 45. c5 bxc5+ 46. Kxc5 Ke5 47. c4 h5 48. Kb5 h4 49. c5 Rf2 50. c6 Rc2 51. Ka6 h3 52. Kb7 h2 53. c7 Rxc7+ 54. Kxc7 h1=Q 55. a5 Qg1 56. Kb7 f5 57. exf5 Kxd5 58. Ka6 Ke5 59. f6 Kxf6 60. Kb7 Ke6 61. Ka6 Kd6 62. Kb7 Qc5 63. Ka6 Qc6+ 64. Kxa7 Kc7 65. a6 Qb6+ 66. Ka8 Qxa6# 0-1

[Event "Early-Titled-Tuesday-Blitz-November-28-2023"]
[Site "Chess.com"]
[Date "2023.11.28"]
[Round "11"]
[White "Witik"]
[Black "MatthewG-p4p"]
[Result "0-1"]
[WhiteElo "2795"]
[BlackElo "2944"]
[TimeControl "180+1"]
[EndTime "10:12:47 PST"]
[Termination "MatthewG-p4p won on time"]

1. e4 e6 2. d3 d5 3. Qe2 Nf6 4.
Nf3 c5 5. g3 Be7 6. Bg2 Nc6 7.
O-O O-O 8. e5 Ne8 9. c4 Nc7 10.
Nc3 Rb8 11. Bf4 b5 12. b3 Ba6 13. Rad1 Nd4 14. Nxd4 cxd4 15. Nxb5 Bxb5 16. cxb5 Nxb5 17. Qg4 Re8 18. h4 Rc8 19. Rd2 Qc7 20. h5 Kh8 21. Bf3 Qd7 22. h6 g5 23. Bxg5 Rg8 24. Bxe7 Qxe7 25.
Qf4 Qg5 26. Qxg5 Rxg5 27. Kg2 Rxe5 28. Rh1 Rg5 29. Rh4 Rg6 30. a4 Nd6 31. Rxd4 Rxh6 32.
Rb4 Kg7 33. Re2 Rc3 34. Rd2 Rg6 35. Rb8 Nf5 36. Kf1 Nd4 37. Bd1 Rf6 38. Kg2 a5 39. b4 Nc6 40. Rb5 axb4 41. Rb6 e5 42. Bh5 h6 43. Rb5 Rd6 44. Bf3 Nd4 45. Rxb4 Ra3 46. Bd1 Kf6 47. f4 Nc6 48. fxe5+ Kxe5 49. Rh4 Ke6 50. Re2+ Kd7 51. Rf2 Ke7 52. Bh5 f6 53. Rg4 Ne5 54. Rg7+ Kd8 55. Rb2 Rc6 56. Rb8+ Rc8 57.
Rg8+ Ke7 58. Rgxc8 Nxd3 59. Rb6 Ra2+ 60. Kh3 Nf2+ 61. Kh4 Rxa4+ 62. g4 Ra3 63. Rb7+ Kd6 0-1

[Event "Early-Titled-Tuesday-Blitz-November-28-2023"]
[Site "Chess.com"]
[Date "2023.11.28"]
[Round "11"]
[White "Boundless_Strike"]
[Black "Kirill_Klukin"]
[Result "1-0"]
[WhiteElo "2688"]
[BlackElo "2840"]
[TimeControl "180+1"]
[EndTime "10:12:47 PST"]
[Termination "Boundless_Strike won by checkmate"]

1. d4 Nf6 2. f3 d5 3. e4 c5 4. e5 Nfd7 5. c3 Nc6 6. f4 e6 7. Nf3 Be7 8. Bd3 Rb8 9. O-O b5 10. f5 exf5 11. Bxf5 Nf8 12. Bd3 Be6 13. Be3 b4 14.
Nbd2 bxc3 15. bxc3 c4 16. Bc2 Ng6 17. Qe1 O-O 18. Qg3 Rb2 19. Bxg6 fxg6 20. Ng5 Bf5 21. e6 Bd6 22. Bf4 Be5 23. h3 Bxf4 24. Qxf4 h6 25.
Ndf3 Bd3 26. Qf7+ Rxf7 27. exf7+ Kf8 28. Ne5 Nxe5 29. Ne6+ Ke7 30. Nxd8 Bxf1 31. Rxf1 Nd7 32. Nc6+ Kd6 33. Ne5 Nf8 34. a4 Rb3 35. Rc1 a5 36. Kf2 g5 37. Kg3 Rb2 38. Kg4 Rxg2+ 39. Kf3 Rh2 40.
Rb1 Rxh3+ 41. Kg4 Rh4+ 42. Kg3 Rf4 43. Rb6+ Ke7 44. Rb7+ Kd6 45. Rb8 Ne6 46. Re8 h5 47.
Ra8 h4+ 48. Kh3 Rf5 49. Ra6+ Ke7 50. Ra7+ Kd6 51. Ra6+ Ke7 52. Ra7+ Kd8 53. Rd7+ Kc8 54. Ra7 Nc7 55. Rxa5 Rf6 56. Rc5 Kd8 57. Kg4 Rf1 58. a5 Rg1+ 59. Kh3 Rg3+ 60. Kh2 Rxc3 61. f8=Q+ Ne8 62.
Rxd5+ Kc7 63. Rd7+ Kb8 64. Qxe8# 1-0

[Event "Early-Titled-Tuesday-Blitz-November-28-2023"]
[Site "Chess.com"]
[Date "2023.11.28"]
[Round "11"]
[White "AryanTari"]
[Black "Hovik_Hayrapetyan"]
[Result "1-0"]
[WhiteElo "2972"]
[BlackElo "2805"]
[TimeControl "180+1"]
[EndTime "10:12:49 PST"]
[Termination "AryanTari won by resignation"]

1. c4 e6 2. Nc3 d5 3. d4 Nf6 4.
cxd5 exd5 5. Bg5 Be7 6. e3 O-O 7.
Bd3 c6 8. h3 Nbd7 9. Qc2 a5 10.
Nf3 Re8 11. Bf4 Nf8 12. O-O Ng6 13. Bh2 Bd6 14. Bxd6 Qxd6 15. Na4 Ne4 16. Nb6 Rb8 17. Qa4 Qf6 18. Nxd5 Qd8 19. Nc3 Ng5 20. Nxg5 Qxg5 21. f4 Qh6 22. Rae1 Bxh3 23. gxh3 Qxh3 24. Qc2 Nh4 25.
Qh2 Nf3+ 26. Rxf3 Qxf3 27. Qxh7+ Kf8 28. Qh8+ Ke7 29. Qh4+ g5 30. Qxg5+ Kd6 31. Be4 Qh3 32. Bg2 Qh7 33. Qf6+ Kc7 34. Rc1 Re6 35. Nd5+ Kd6 36. Qg5 Rg8 37. Nf6 Rxg5 38. Nxh7 Rg3 39. Ng5 Rexe3 40. Kf2 Rd3 41. Ne4+ Kc7 42. Nxg3 Rd2+ 43.
Kf3 Rxb2 44. Ne4 Rxa2 45. Ng5 a4 46. Nxf7 a3 47. Rc3 b5 48. f5 b4 49. Re3 Rb2 50.
f6 a2 51. Re7+ Kb6 52. Re1 Rb1 53. Rxb1 axb1=Q 54. Ne5 Qf5+ 55. Ke3 Qxf6 56. Nd7+ Kb5 57. Nxf6 Kc4 58. Bxc6 b3 59. Be4 b2 60. d5 Kc5 61.
Kf4 Kd6 62. Kf5 Ke7 63. Ke5 Kd8 64. Bb1 Ke7 65. d6+ Kf7 66. d7 Ke7 67. Kd5 Kd8 68. Ke6 1-0

[Event "Early-Titled-Tuesday-Blitz-November-28-2023"]
[Site "Chess.com"]
[Date "2023.11.28"]
[Round "11"]
[White "Ajedrez_con_German"]
[Black "ATM622"]
[Result "0-1"]
[WhiteElo "2602"]
[BlackElo "2481"]
[TimeControl "180+1"]
[EndTime "10:12:49 PST"]
[Termination "ATM622 won on time"]

1. Nf3 Nf6 2. e3 d5 3. d4 Bf5 4. Bd3 Bxd3 5. Qxd3 e6 6. O-O c6 7. Nbd2 Nbd7 8. c3 Bd6 9. e4 dxe4 10. Nxe4 Nxe4 11.
Qxe4 Nf6 12. Qe2 Qc7 13. Bg5 O-O-O 14. Rfe1 h6 15. Bh4 g5 16. Bg3 Kb8 17. Be5 Bxe5 18.
Qxe5 Qxe5 19. Nxe5 Rh7 20. Re2 h5 21. Rae1 h4 22.
h3 Nd5 23. Nd3 Kc7 24. f4 gxf4 25. Rf2 Rg7 26. Nxf4 Rdg8 27. Nh5 Rg5 28. Rxf7+ Kb6 29. Nf4 Nxf4 30. Rxf4 Rxg2+ 31. Kh1 Rxb2 32. Rg1 Rxg1+ 33.
Kxg1 Rxa2 34. Rxh4 a5 35. Rh8 Rc2 36. h4 a4 37. Ra8 Kb5 38. h5 Rxc3 39. Kg2 Rc2+ 40.
Kg3 Rc1 41. Kg2 Rc4 42. Kg3 Rxd4 43. h6 Rd7 44. Kf4 Kb4 45. Kg5 Rh7 46. Kg6 Rxh6+ 47.
Kxh6 c5 48. Kg5 e5 49. Kf5 c4 50. Ke4 b5 51. Ke3 Kb3 52. Kd2 Kb2 53. Rb8 c3+ 54.
Ke2 a3 55. Rxb5+ Kc2 56. Ra5 Kb3 57. Kd1 e4 58. Kc1 e3 59. Rb5+ Kc4 60. Rb8 e2 61. Re8 a2 62. Rc8+ Kd5 63. Rd8+ Kc6 64. Re8 a1=Q+ 0-1

[Event "Early-Titled-Tuesday-Blitz-November-28-2023"]
[Site "Chess.com"]
[Date "2023.11.28"]
[Round "11"]
[White "whitemirrorninja"]
[Black "IljaZaragatski"]
[Result "1-0"]
[WhiteElo "2526"]
[BlackElo "2601"]
[TimeControl "180+1"]
[EndTime "10:12:51 PST"]
[Termination "whitemirrorninja won on time"]

1. e4 d5 2. exd5 Qxd5 3. Nc3 Qd8 4. Bc4 Nf6 5. d3 c5 6. Nf3 Nc6 7. h3 e6 8. Bf4 a6 9. a4 Be7 10. Ne5 Nxe5 11. Bxe5 O-O 12. Qf3 Ne8 13. O-O Bd6 14. Rfe1 Qc7 15. Bxd6 Nxd6 16. Bb3 Bd7 17. Qg3 Rac8 18.
a5 Nf5 19. Qxc7 Rxc7 20. Ne2 Bb5 21. g4 Ne7 22. Nc3 Bc6 23. f4 Rd8 24. Ne4 Bxe4 25. Rxe4 h6 26. Kf2 Nc6 27. h4 Nd4 28. Ba4 g6 29. c3 Nc6 30. Bxc6 Rxc6 31. Ke3 Kf8 32.
g5 hxg5 33. hxg5 Ke7 34. Rh1 Rcd6 35. d4 cxd4+ 36. Rxd4 Rxd4 37. cxd4 Rd5 38. Rc1 Kd7 39. Rc5 Rd6 40. Ke4 b6 41. axb6 Rxb6 42. Ra5 Kd6 43. Ra2 Kc6 44. Ke5 Kb5 45. Kf6 Rb7 46. Ra3 Kb4 47.
Rxa6 Kb3 48. Rd6 Kxb2 49. Rd8 Kc3 50. Rf8 Kxd4 51. Rxf7 Rb6 52. Kxg6 Ke4 53. Kh7 Rb1 54. g6 Rh1+ 55. Kg7 Rf1 56. Rf6 Kd5 57. Kf7 Rg1 58. g7 e5 59. fxe5 Kxe5 60. Rg6 Rf1+ 61. Ke7 Ra1 62.
Re6+ Kf5 63. g8=Q Ra7+ 64. Kd6 Ra6+ 65. Kd5 Ra5+ 66. Kd4 Ra4+ 67. Kc3 Ra3+ 68. Kb2 Ra2+ 69. Kxa2 1-0

[Event "Early-Titled-Tuesday-Blitz-November-28-2023"]
[Site "Chess.com"]
[Date "2023.11.28"]
[Round "11"]
[White "AccioChess"]
[Black "AndresDelgado77"]
[Result "0-1"]
[WhiteElo "2451"]
[BlackElo "2301"]
[TimeControl "180+1"]
[EndTime "10:12:52 PST"]
[Termination "AndresDelgado77 won on time"]

1. d4 Nf6 2. c4 e5 3. d5 Bc5 4. Nc3 O-O 5. e3 a5 6. Nf3 d6 7.
Be2 h6 8. O-O Bf5 9. a3 Qd7 10.
Bd2 a4 11. Qc1 c6 12. Qd1 cxd5 13. cxd5 Ne4 14. Bb5 Nxc3 15. Bxd7 Nxd1 16. Bxf5 Nxb2 17. Rfc1 b5 18. Rcb1 Nc4 19. Rxb5 Bxa3 20. Bc3 Bc5 21. Bd3 Nb6 22. Nxe5 Nxd5 23. Bd2 Nc7 24. Rxc5 dxc5 25. Bc4 Nba6 26. Rxa4 Nb4 27. Rxa8 Nxa8 28. g4 Nb6 29. Bb3 N4d5 30. e4 c4 31. Nxc4 Nxc4 32. Bxc4 Nf6 33. f3 Rc8 34. Bb3 Rb8 35. Ba4 Rb2 36.
Bc3 Ra2 37. Bb5 Nh7 38. h4 Nf8 39. h5 Ne6 40. Be5 Ng5 41. Bc4 Ra4 42. Be2 Ra2 43. Kf2 f6 44. Bf4 Kf8 45. Be3 Ke7 46. Ke1 Kd6 47. Bf4+ Kc5 48. Be3+ Kb4 49. Bd2+ Ka3 50.
Bc3 Rc2 51. Bd4 Kb4 52. e5 fxe5 53. Bxe5 Ne6 54. f4 Kc5 55. f5 Ng5 56. Bxg7 Nf7 0-1

[Event "Early-Titled-Tuesday-Blitz-November-28-2023"]
[Site "Chess.com"]
[Date "2023.11.28"]
[Round "11"]
[White "GMKrikor"]
[Black "karinachess1"]
[Result "1/2-1/2"]
[WhiteElo "2768"]
[BlackElo "2596"]
[TimeControl "180+1"]
[EndTime "10:12:53 PST"]
[Termination "Game drawn by repetition"]

1. Nf3 Nf6 2. c4 e6 3. Nc3 d5 4. cxd5 exd5 5. d4 c6 6. Bf4 Bd6 7. Bxd6 Qxd6 8. e3 O-O 9. Qb3 Nbd7 10. Bd3 Re8 11. Qc2 Qe7 12. h3 a5 13. O-O-O b5 14. Kb1 Ba6 15. Rc1 b4 16. Na4 Bxd3 17. Qxd3 Ne4 18. Rc2 Rac8 19. Rhc1 Qd8 20. Qe2 Re6 21. Ne1 h6 22. Nd3 Qe8 23. Nf4 Rd6 24. Nd3 Re6 25.
Nf4 Rd6 26. f3 Nef6 27. g4 Qe7 28. Qd2 Re8 29. Re1 Rc8 30. h4 Nh7 31. Qh2 Re8 32. Nd3 Re6 33. Rce2 Nhf8 34. Nac5 Nxc5 35. Nxc5 Rd6 36.
Nd3 Nd7 37. Rg1 Re6 38. Rge1 Qf6 39. Qg3 a4 40. g5 hxg5 41. hxg5 Qg6 42. Kc2 c5 43.
Kd2 cxd4 44. exd4 Rxe2+ 45. Rxe2 Rxe2+ 46. Kxe2 Qe6+ 47. Kd2 b3 48. a3 Qc6 49. Ne1 Qc4 50. Qf2 Nf8 51. Qe3 Ne6 52. g6 Nxd4 53. gxf7+ Kxf7 54. Qe5 Ne6 55. Qf5+ Ke7 56. Qe5 Qd4+ 57. Qxd4 Nxd4 58.
Kd3 Ne6 59. Ng2 Kd6 60. Ne3 Ke5 61. Kd2 g5 62. Kd3 Nc5+ 63. Ke2 Nd7 64. Kd3 Nf6 65. Ke2 Kf4 66. Ng2+ Kg3 67. Ne3 Kf4 68. Ng2+ Ke5 69. Ne3 Kd4 70. Kd2 Ke5 71. Ke2 1/2-1/2

[Event "Early-Titled-Tuesday-Blitz-November-28-2023"]
[Site "Chess.com"]
[Date "2023.11.28"]
[Round "11"]
[White "kuli4ik"]
[Black "Leonid_Starozhilov"]
[Result "1/2-1/2"]
[WhiteElo "2873"]
[BlackElo "2756"]
[TimeControl "180+1"]
[EndTime "10:12:55 PST"]
[Termination "Game drawn - insufficient material"]

1. Nf3 Nf6 2. g3 g6 3. b3 Bg7 4.
Bb2 O-O 5. Bg2 c5 6. c4 Nc6 7. O-O d5 8. cxd5 Qxd5 9. Ne5 Qd6 10. Nxc6 bxc6 11. Na3 Be6 12. Rc1 Bd5 13. d3 a5 14.
Nc4 Qc7 15. Ne3 Bxg2 16. Kxg2 a4 17. bxa4 Nd5 18. Bxg7 Kxg7 19. Rxc5 Qa7 20. Qc1 Qxa4 21.
Nxd5 cxd5 22. Rxd5 Qxa2 23. Re5 Rfc8 24. Qe3 e6 25. h4 h5 26. Rc5 Rxc5 27. Qxc5 Qxe2 28. Qd4+ Kg8 29. Rc1 Qg4 30. Qd7 Qf5 31. Rc4 Ra5 32.
Qe8+ Kg7 33. Rc8 Qd5+ 34. Kh2 Kf6 35. Rc7 e5 36. Rc6+ Kg7 37. Rc8 Kf6 38. Qh8+ Kf5 39. Qh6 f6 40. Qc1 Ra2 41. Rc2 Rxc2 42. Qxc2 Ke6 43. Kg1 Qd7 44. Kf1 Kf7 45. Ke2 Kg7 46.
Ke3 Qa7+ 47. Ke2 Qb7 48. Qc4 Qa7 49. Kf3 Qb7+ 50. Ke3 Qa7+ 51. d4 exd4+ 52. Qxd4 Qa3+ 53. Ke4 Qe7+ 54. Kd5 Qd7+ 55. Kc4 Qc6+ 56. Kd3 Qf3+ 57. Kd2 Qb7 58. Ke2 Qe7+ 59. Kf3 Kf7 60. Qd5+ Qe6 61. Qxe6+ Kxe6 62. Ke4 Kd6 63. f4 Ke7 64. f5 gxf5+ 65.
Kxf5 Kf7 66. g4 hxg4 67. Kxg4 Kg7 68. Kf5 Kh6 69. h5 Kxh5 70. Kxf6 1/2-1/2

[Event "Early-Titled-Tuesday-Blitz-November-28-2023"]
[Site "Chess.com"]
[Date "2023.11.28"]
[Round "11"]
[White "Msb2"]
[Black "Rakhmanov_Aleksandr"]
[Result "0-1"]
[WhiteElo "3036"]
[BlackElo "2882"]
[TimeControl "180+1"]
[EndTime "10:13:06 PST"]
[Termination "Rakhmanov_Aleksandr won by resignation"]

1. d4 Nf6 2. c4 d6 3. Nf3 g6 4.
Nc3 Bf5 5. d5 e5 6. dxe6 Bxe6 7.
Nd4 Bg7 8. Nxe6 fxe6 9. g3 Nbd7 10.
Bg2 Rb8 11. O-O O-O 12. Qd2 Nc5 13. Qc2 a6 14. Rb1 Ng4 15. b4 Nd7 16. Bb2 Qe7 17. Rbd1 Rf7 18. h3 Nge5 19. Ne4 Nc6 20. Bxg7 Rxg7 21.
b5 Nce5 22. f4 Nf7 23. bxa6 bxa6 24. Rb1 Rf8 25. Rb7 Nc5 26. Nxc5 dxc5 27. Qc3 Nd6 28. Ra7 g5 29. fxg5 Rxf1+ 30. Bxf1 Qxg5 31. Ra8+ Kf7 32. Qf3+ Nf5 33. g4 h5 34. Bg2 hxg4 35. hxg4 Qxg4 36.
Qxg4 Rxg4 37. Kf2 Rxc4 38. Rxa6 Ke7 39. Bh3 Nd6 40. Bg2 Rc2 41. a4 c4 42. a5 Ra2 43.
Ke3 c3 44. Rc6 Kd7 45. Rxc3 Rxa5 46. Bc6+ Ke7 47. Bf3 c5 48. Rc1 Kf6 49. Kf2 Ke5 50.
Rh1 Ra2 51. Rh5+ Nf5 52. Bg4 Ra4 53. Bxf5 Rf4+ 54. Ke3 Rxf5 55. Rh8 Kd5 56. Rd8+ Kc4 57. Ke4 Rd5 58. Re8 Rd6 59. Ke5 Rc6 60. e4 Kd3 61. Rd8+ Ke3 62. Rh8 c4 63. Rh3+ Kd2 64. Kd4 c3 65.
Rh2+ Kc1 66. Kd3 c2 67. Rh8 Kb2 68. Rb8+ Ka3 69. Ra8+ Kb4 70. Rb8+ Ka5 71. Ra8+ Kb6 72. Ra1 c1=Q 73. Rxc1 Rxc1 74. Kd4 Rc5 75. Ke3 e5 76. Kf3 Kc6 77. Kg4 Kd6 78. Kf5 Rc4 79. Kf6 Rxe4 80. Kf5 Rf4+ 81. Kg5 Rf1 0-1

[Event "Early-Titled-Tuesday-Blitz-November-28-2023"]
[Site "Chess.com"]
[Date "2023.11.28"]
[Round "11"]
[White "Ariadna_Atreides"]
[Black "Dinosaurio_1975"]
[Result "0-1"]
[WhiteElo "2184"]
[BlackElo "2523"]
[TimeControl "180+1"]
[EndTime "10:13:14 PST"]
[Termination "Dinosaurio_1975 won on time"]

1. d4 d5 2. Nf3 e6 3. e3 Nf6 4. Bd3 Be7 5. Nbd2 O-O 6. O-O b6 7. b3 Bb7 8. Bb2 Nbd7 9. c4 c5 10. cxd5 Nxd5 11. Rc1 Rc8 12. Qe2 cxd4 13. Rxc8 Qxc8 14.
Rc1 Qa8 15. Bxd4 Nb4 16. Bb1 Rc8 17. Qd1 Bf6 18. h3 Rxc1 19. Qxc1 Bxd4 20. exd4 Qb8 21. a3 Nd5 22. Qc2 g6 23. Nc4 Nf4 24. Qd1 Nf6 25.
Nce5 Qd6 26. b4 Nd7 27. Qa4 Nxe5 28. Nxe5 Qe7 29. Qxa7 Qc7 30. Kh2 Ne2 31. Be4 Nxd4 32. Qxb7 Qxe5+ 33. g3 b5 34. Qa8+ Kg7 35. Kg2 h5 36. Qb7 h4 37. g4 Qf4 38. Bf3 Nxf3 39. Qxf3 Qd4 40. Qb7 Qe5 41. Qb6 Kh6 42. Kf1 g5 43. Kg2 Qe4+ 44. Kh2 Qf4+ 45. Kg2 Kg6 46. Qb7 Qe5 47. Kf1 f6 48. Kg2 f5 49. Kf1 fxg4 50. hxg4 h3 51. Qh1 h2 52. Qg2 Qf4 53. Qh1 e5 54.
Kg2 Kf7 55. Qxh2 Qxg4+ 56. Qg3 Qe4+ 57. Qf3+ Qxf3+ 58. Kxf3 Kf6 59. Ke4 Ke6 60. f3 Kf6 61. Kd5 Kf5 62. a4 bxa4 63. b5 a3 64. b6 a2 65. b7 a1=Q 66. b8=Q Qd4+ 67. Kc6 Qc4+ 68.
Kd6 Qd4+ 69. Ke7 Qc5+ 70. Kf7 Qd5+ 71. Ke7 Qxf3 72. Qc8+ Kf4 73. Qf8+ Kg4 74. Qc8+ Qf5 75. Qc4+ e4 76. Kd6 Qf4+ 77. Kd5 e3 78. Qe2+ Qf3+ 0-1

[Event "Early-Titled-Tuesday-Blitz-November-28-2023"]
[Site "Chess.com"]
[Date "2023.11.28"]
[Round "11"]
[White "dropstoneDP"]
[Black "sumopork"]
[Result "1/2-1/2"]
[WhiteElo "2966"]
[BlackElo "2845"]
[TimeControl "180+1"]
[EndTime "10:13:18 PST"]
[Termination "Game drawn - insufficient material"]

1. e4 e5 2. Nf3 Nc6 3. Bc4 Bc5 4. d3 Nf6 5. O-O d6 6. c3 a5 7. Re1 h6 8. Nbd2 O-O 9. Nf1 a4 10. Ng3 Ra5 11. h3 b5 12. b4 axb3 13. Bxb3 Be6 14. Bd2 Bxb3 15. axb3 Rxa1 16. Qxa1 b4 17. d4 bxc3 18.
Bxc3 exd4 19. Nxd4 Nxd4 20. Bxd4 Bxd4 21. Qxd4 Re8 22. Re3 Qe7 23. f4 g6 24. e5 dxe5 25.
Rxe5 Qf8 26. Rxe8 Nxe8 27. Qd8 Qc5+ 28. Kh2 Kf8 29. f5 Qd6 30. Qxd6+ Nxd6 31. fxg6 fxg6 32.
Kg1 Ke7 33. Kf2 Ke6 34. Ke3 Kd5 35. Ne2 Nf5+ 36. Kd3 g5 37. b4 Nh4 38. g3 Nf3 39.
Nc3+ Ke5 40. Kc4 Ng1 41. Kc5 Nxh3 42. b5 h5 43. Kc6 h4 44. gxh4 gxh4 45. Kxc7 Nf4 46. b6 Ne6+ 47. Kc8 Nc5 48. Na4 Na6 49.
b7 h3 50. Nc5 h2 51. Nxa6 h1=Q 52. b8=Q+ Kf6 53. Qd6+ Kf7 54. Qf4+ Kg6 55. Qg4+ Kh7 56. Qf5+ Kg7 57. Qe5+ Kh7 58. Qf5+ Kg7 59. Nc7 Qc6 60.
Qe5+ Kf7 61. Qh5+ Kg7 62. Qg5+ Kf7 63. Qf4+ Kg7 64. Qg4+ Kf7 65. Qf4+ Kg7 66. Qg3+ Kf7 67. Kd8 Qf6+ 68. Kd7 Qd4+ 69. Kc8 Qc4 70. Qf3+ Ke7 71. Qe3+ Kf7 72. Kd8 Qc6 73. Qe7+ Kg6 74. Ne8 Qd5+ 75. Nd6 Qg5 76. Qxg5+ Kxg5 1/2-1/2

[Event "Early-Titled-Tuesday-Blitz-November-28-2023"]
[Site "Chess.com"]
[Date "2023.11.28"]
[Round "11"]
[White "BogdanDeac"]
[Black "Jospem"]
[Result "1/2-1/2"]
[WhiteElo "3005"]
[BlackElo "3061"]
[TimeControl "180+1"]
[EndTime "10:13:19 PST"]
[Termination "Game drawn - insufficient material"]

1. d4 Nf6 2. c4 e6 3. Nc3 Bb4 4. Qc2 d6 5. Bd2 Nbd7 6. a3 Bxc3 7. Bxc3 Qe7 8. e4 e5 9. f3 a5 10. Ne2 O-O 11. Ng3 exd4 12. Bxd4 Nc5 13. Rd1 b6 14.
Qc3 Ne8 15. b4 axb4 16. axb4 Na4 17. Qb3 c5 18. Be3 Qe5 19. bxc5 bxc5 20. Be2 Qc3+ 21. Qxc3 Nxc3 22. Rc1 Nxe2 23. Nxe2 f5 24. exf5 Bxf5 25.
Nf4 Nf6 26. O-O Rfe8 27. Rfe1 Ra4 28. Bd2 Rxe1+ 29. Bxe1 Kf7 30. Bg3 Ke7 31. Bh4 Kf7 32. Bg3 Be6 33. Nxe6 Kxe6 34. Re1+ Kd7 35. Rd1 Ne8 36.
Rc1 g6 37. Bf4 Ng7 38. g4 Ne6 39. Be3 Nd8 40. Bf4 Nc6 41. Rd1 Nd4 42. Kf2 Rxc4 43. Be3 Rc2+ 44. Kg3 Ne6 45. f4 Rc3 46.
Kf2 Nc7 47. f5 gxf5 48. gxf5 Ne8 49. Ra1 Nf6 50. Ra7+ Kc6 51. Bf4 Rc4 52. Kf3 Rc3+ 53. Ke2 Rc4 54. Kf3 Rd4 55. Rf7 Nd5 56. Bg5 h5 57. f6 Rd3+ 58. Ke4 Rh3 59. Rf8 Nc7 60.
f7 Ne6 61. Rc8+ Kd7 62. f8=Q Nxf8 63. Rxf8 Rxh2 64. Bf4 Rh3 65. Rf6 c4 66. Rxd6+ Ke7 67. Rc6 c3 68. Be5 Kd7 69. Rc7+ Ke6 70. Rc6+ Kd7 71. Rc7+ Ke6 72. Bxc3 Rh4+ 73. Kf3 Kd6 74. Rh7 Rh3+ 75. Ke4 Rxc3 76. Rxh5 Rc4+ 77. Kd3 Rc8 78. Ra5 Rc5 79. Rxc5 Kxc5 1/2-1/2

[Event "Early-Titled-Tuesday-Blitz-November-28-2023"]
[Site "Chess.com"]
[Date "2023.11.28"]
[Round "11"]
[White "jens1102"]
[Black "vasblesk"]
[Result "0-1"]
[WhiteElo "2642"]
[BlackElo "2831"]
[TimeControl "180+1"]
[EndTime "10:13:20 PST"]
[Termination "vasblesk won by resignation"]

1. c4 e5 2. g3 c6 3. Nf3 e4 4.
Nd4 d5 5. d3 exd3 6. Qxd3 dxc4 7. Qxc4 Nf6 8. Nc3 Bd6 9. Bg2 O-O 10. O-O Nbd7 11. Rd1 Ne5 12. Qb3 Qe7 13. Bg5 Neg4 14.
h3 h6 15. Bh4 g5 16. Bxg5 hxg5 17. hxg4 Bxg4 18. Rd3 Bc5 19. Rad1 Rad8 20. Re3 Qc7 21. Ne4 Nxe4 22. Rxe4 Bh5 23. Nf5 Rxd1+ 24. Qxd1 Bg6 25. g4 Qb6 26. e3 Qxb2 27. Ne7+ Bxe7 28.
Rxe7 Qb4 29. Rc7 a5 30. Rd7 Re8 31. Rd8 Rxd8 32. Qxd8+ Kg7 33. Qxg5 Qb1+ 34. Kh2 Qxa2 35. f4 f6 36. Qc5 Bf7 37. g5 Qb2 38. Qe7 fxg5 39.
Qxg5+ Kf8 40. Qd8+ Kg7 41. Qg5+ Kh8 42. Qh6+ Kg8 43.
Qg5+ Kf8 44. Qd8+ Kg7 45. e4 Qf6 46. Qc7 Qh4+ 47. Kg1 Qe1+ 48. Kh2 Qh4+ 49. Bh3 Qf2+ 50. Kh1 Qf3+ 51. Bg2 Qd1+ 52. Kh2 Qh5+ 53. Kg1 Qc5+ 54. Kh2 Qh5+ 55. Kg3 Qg6+ 56. Kf3 Qh5+ 57. Ke3 Qc5+ 58. Ke2 a4 59. e5 Qc2+ 60. Kf3 Qd3+ 61. Kf2 Qd4+ 62. Kf3 Kg6 63. Kg3 Qe3+ 64. Bf3 Qg1+ 65.
Bg2 Qe1+ 66. Kh2 Qh4+ 67. Bh3 Qxf4+ 68. Kg1 Qg3+ 69. Bg2 Qe3+ 70. Kh2 Qf4+ 71. Kg1 Qd4+ 72. Kh2 Be6 73. Qb8 Qh4+ 74. Kg1 Qe7 75. Be4+ Kg7 76. Kf2 a3 77. Qa7 a2 78. Bf3 Qh4+ 79. Kg2 Qh3+ 80.
Kf2 Qh2+ 81. Bg2 Qf4+ 82. Bf3 Qd2+ 83. Be2 Qb2 84. Qb8 a1=Q 85. Qc7+ Kg6 86. Qd8 Qd4+ 87. Kg2 Qxd8 0-1

[Event "Early-Titled-Tuesday-Blitz-November-28-2023"]
[Site "Chess.com"]
[Date "2023.11.28"]
[Round "11"]
[White "Lady_Nika"]
[Black "olksuna"]
[Result "1/2-1/2"]
[WhiteElo "2580"]
[BlackElo "2703"]
[TimeControl "180+1"]
[EndTime "10:13:30 PST"]
[Termination "Game drawn - insufficient material"]

1. e4 e5 2. Nf3 Nc6 3. Bb5 a6 4. Bxc6 dxc6 5. O-O Qf6 6. h3 Ne7 7. d4 exd4 8. Qxd4 Qxd4 9. Nxd4 h5 10. Nc3 h4 11. Be3 Ng6 12. f4 Bb4 13. Nce2 Bd7 14. c3 Ba5 15. Nf3 O-O-O 16. f5 Ne7 17. Ne5 Be8 18. Rad1 Rxd1 19. Rxd1 Bb6 20. Bxb6 cxb6 21. Nd4 Rh6 22. Ndf3 f6 23. Nc4 Kc7 24. Nd6 Bh5 25. Kf2 Rh8 26. Nc4 g6 27. fxg6 Nxg6 28. Rd2 Bxf3 29. Kxf3 b5 30. Ne3 Ne5+ 31. Kf2 a5 32. Kf1 b4 33. Rf2 bxc3 34. bxc3 Nd7 35. Ng4 Re8 36. Rf4 Kb6 37. Kf2 Re6 38. Kf3 Kb5 39. Ke3 a4 40. Kd4 Rd6+ 41. Ke3 a3 42. Nh6 Nc5 43. Nf7 Rd3+ 44. Ke2 Rxc3 45. Kd2 Rg3 46. Nd6+ Kb6 47. Rf2 Kc7 48. Ne8+ Kd8 49. Nxf6 Ke7 50. e5 Ke6 51. Re2 Nd3 52. Ng4 Nf4 53.
Rf2 Rxg2 54. Ke3 Rxf2 55. Nxf2 Ng6 56. Ke4 Nxe5 57. Kf4 Nf7 58. Kg4 Nd6 59. Kxh4 Nb5 60. Kg4 Nc3 61. Nd3 Nxa2 62. h4 Nc3 63. Nc1 a2 64.
Nb3 Kf6 65. Kf3 c5 66. Ke3 c4 67. Na1 b5 68. Kd4 Nd1 69. Kc5 Nc3 70. Kb4 Ne2 71.
Kxb5 c3 72. Kb4 Ke5 73. Kb3 Kd4 74. Kxa2 Kd3 75. h5 Nf4 76. h6 Ng6 77. Kb3 Ke3 78.
h7 Kf4 79. Kxc3 Nh8 80. Kd4 Kg5 81. Ke5 Kh6 82. Nb3 Kxh7 1/2-1/2